 Dungeon Crawl Stone Soup version 0.29.1-14-g9c671dbff4 (webtiles) character file.

Game seed: 6545816003793301782

70 H0rd4k the Charlatan (level 4, -2/30 HPs)
             Began as an Octopode Artificer on Feb 16, 2023.
             Slain by a gnoll
             ... wielding a +0 flail
              (12 damage)
             ... on level 2 of the Dungeon.
             The game lasted 00:01:19 (2207 turns).

H0rd4k the Charlatan (Octopode Artificer)           Turns: 2207, Time: 00:01:19

Health: -2/30      AC:  1    Str: 11    XL:     4   Next: 21%
Magic:  6/7        EV: 10    Int: 15    God:
Gold:   42         SH:  0    Dex: 12    Spells: 7/7 levels left

rFire   . . .      SeeInvis .     - Unarmed
rCold   . . .      Faith    .   (no shield)
rNeg    . . .      Spirit   .   (helmet restricted)
rPois   .          Reflect  .   (no amulet)
rElec   .          Harm     .   (no ring)
rCorr   .          Rampage  .   (no ring)
Will    .....                   (no ring)
Stlth   +++.......              (no ring)
HPRegen 0.10/turn               (no ring)
MPRegen 0.10/turn               (no ring)
                                (no ring)
                                (no ring)

@: constricted
A: almost no armour, amphibious, 8 rings, camouflage 1, gelatinous body 1,
(nimble swimmer 1), tentacles
a: no special abilities


You were on level 2 of the Dungeon.
You visited 1 branch of the dungeon, and saw 2 of its levels.

You collected 42 gold pieces.

Inventory:

Missiles
 e - a throwing net
Wands
 b - a wand of flame (15) (quivered)
 c - a wand of charming (14)
 d - a wand of iceblast (4)
Scrolls
 f - a scroll of poison {unknown}
 h - 2 scrolls of vulnerability {unknown}
 i - a scroll of blinking {unknown}
 l - 2 scrolls of identify {unknown}
Potions
 a - 2 potions of curing {unknown}
 g - a potion of brilliance {unknown}
 j - a potion of cancellation {unknown}
 k - a potion of haste {unknown}


   Skills:
 * Level 2.3 Fighting
 - Level 2.3 Dodging
 - Level 1.3 Stealth
 + Level 1.5 Unarmed Combat
 * Level 2.0 Spellcasting
 - Level 3.2 Evocations


You had 7 spell levels left.
You didn't know any spells.
Your spell library contained the following spells:

 Spells                   Type           Power      Damage    Failure   Level
 Static Discharge         Conj/Air       1%         3-4/arc   32%         2
 Dispel Undead            Necr           1%         3d6       91%         4
 Sticky Flame             Conj/Fire      1%         2d3       91%         4


Dungeon Overview and Level Annotations

Branches:
Dungeon (2/15)

Altars:

Annotations:
D:1 exclusion: downstairs


Innate Abilities, Weirdness & Mutations

You cannot wear most types of armour.
You are amphibious.
You can wear up to eight rings at the same time.
Your skin changes colour to match your surroundings (Stealth+).
Your rubbery body absorbs attacks. (AC +1, EV +1)
((You are camouflaged when in or above water. (Stealth+)))
You have tentacles for arms and can constrict up to eight enemies at once.


Message History

Aim: a gnoll, wielding a +0 halberd (asleep)
The mass of ice explodes!
The iceblast engulfs the gnoll.
The gnoll is heavily wounded.
The gnoll shouts!
A gnoll comes into view. It is wielding a +0 flail.
A gnoll comes into view. It is wielding a +0 club.
The gnoll hits you from afar with a +0 halberd.
The gnoll barely misses you.
The gnoll shouts! x2
You tentacle-slap the gnoll but do no damage.
You grab the gnoll. You squeeze the gnoll.
The gnoll is almost dead.
You constrict the gnoll.
You kill the gnoll!
You have reached level 4!
You tentacle-slap the gnoll. You grab the gnoll. You squeeze the gnoll.
The gnoll is heavily wounded.
You constrict the gnoll.
The gnoll struggles to escape constriction.
You tentacle-slap the gnoll.
The gnoll is almost dead.
You constrict the gnoll, but do no damage.
A ball python comes into view.
The rat closely misses you. The gnoll hits you with a +0 club!
You tentacle-slap the gnoll.
You kill the gnoll!
The rat barely misses you.
Your Spellcasting skill increases to level 2!
Unknown command.
You tentacle-slap the gnoll. You grab the gnoll.
The gnoll is lightly wounded.
You constrict the gnoll, but do no damage.
The ball python bites you. The ball python closely misses you.
The gnoll hits you with a +0 flail. The rat barely misses you.
You tentacle-slap the gnoll.
The gnoll is moderately wounded.
You constrict the gnoll. The ball python closely misses you.
The ball python grabs you. The ball python constricts you.
The rat closely misses you. The gnoll hits you with a +0 flail!
You die...

#....# #....# ##....#
.....### ..#...# ####
#### #$....#########...
##....#rS...##......#...
......g@....##..........
##....##....##......####
#... ##...#######.# #
#.. ##.### #.# # ##
#...# #.# # ###.## #.#
########..#####.#
#<...........##.####
###....^.....#.....


You could see a gnoll, a ball python and a rat.

Vanquished Creatures
  Robin (D:2)
  An adder (D:2)
  2 gnolls (D:2)
  A dart slug (D:1)
  3 endoplasms (D:1)
  A giant cockroach (D:1)
  6 goblins
  9 hobgoblins
  3 ball pythons
  2 frilled lizards
  A kobold (D:1)
  4 rats (D:1)
34 creatures vanquished.

Vanquished Creatures (collateral kills)
  An endoplasm (D:2)
1 creature vanquished.

Grand Total: 35 creatures vanquished

Notes
Turn   | Place    | Note
-------+----------+-------------------------------------------
     0 | D:1      | H0rd4k the Octopode Artificer began the quest for the Orb.
     0 | D:1      | Reached XP level 1. HP: 13/13 MP: 1/1
   496 | D:1      | Reached skill level 1 in Spellcasting
   550 | D:1      | Reached XP level 2. HP: 18/18 MP: 3/3
  1445 | D:1      | Found a faded altar of an unknown god.
  1490 | D:1      | Reached XP level 3. HP: 24/24 MP: 5/5
  1734 | D:2      | Noticed Robin
  2082 | D:2      | Reached skill level 1 in Unarmed Combat
  2086 | D:2      | Killed Robin
  2203 | D:2      | Reached XP level 4. HP: 23/29 MP: 6/6
  2207 | D:2      | Slain by a gnoll

Illustrated notes

Levels and vault maps discovered:
D:1:      lemuel_arrival_hallway, layout_loops_corners,
          hellmonk_ecumenical_altar_heavens_door
D:2:      layout_basic, uniq_terence, uniq_robin

Skill      XL: |  1  2  3  4 |
---------------+-------------+-----
Spellcasting   | 1 2 |  2.0
Fighting       | 2 |  2.3
Unarmed Combat | 1 |  1.5
Dodging        | |  2.3
Stealth        | |  1.3
Evocations     | |  3.2

Action                   |  1- 3 |  4- 6 || total
-------------------------+-------+-------++-------
Melee: Unarmed           |    80 |     5 ||    85
       Constrict         |    23 |     2 ||    25
       Tentacles         |    28 |     1 ||    29
       Punch             |     1 |       ||     1
Evoke: Wand              |     2 |       ||     2
 Stab: Sleeping          |    10 |       ||    10
       Distracted        |     1 |       ||     1
Armor: Skin              |     4 |       ||     4
Dodge: Dodged            |    34 |     6 ||    40
